 Dungeon Crawl Stone Soup version 0.30-b1-2-g02819fbbbe (webtiles) character file.

Game seed: 448947439173090245

47 DavidChitty2 the Trooper (level 3, -4/33 HPs)
             Began as a Minotaur Fighter on May 16, 2023.
             Succumbed to Robin's poison
             ... on level 2 of the Dungeon.
             The game lasted 00:01:47 (880 turns).

DavidChitty2 the Trooper (Minotaur Fighter)          Turns: 880, Time: 00:01:48

Health: -4/33      AC:  7    Str: 22    XL:     3   Next: 48%
Magic:  2/2        EV:  9    Int:  5    God:
Gold:   98         SH:  4    Dex:  9    Spells: 2/2 levels left

rFire   . . .        a - +0 war axe
rCold   . . .        c - +0 buckler
rNeg    . . .        b - +0 scale mail
rPois   .            (helmet restricted)
rElec   .            (no cloak)
rCorr   .            (no gloves)
SInv    .            (no boots)
Will    .....        (no amulet) Stlth
                     (no ring)
HPRegen 0.25/turn    (no ring)
MPRegen 0.08/turn

%: no passive effects
@: lethally poisoned (-4 -> -41)
A: horns 2, retaliatory headbutt
a: no special abilities


You were on level 2 of the Dungeon.
You visited 1 branch of the dungeon, and saw 2 of its levels.

You collected 98 gold pieces.

Inventory:

Hand Weapons
 a - a +0 war axe (weapon)
Armour
 b - a +0 scale mail (worn)
 c - a +0 buckler (worn)
Jewellery
 e - a ring of ice
   (You found it on level 1 of the Dungeon)
Scrolls
 f - 2 scrolls of enchant armour {unknown}
 g - a scroll of amnesia {unknown}
 h - a scroll of teleportation {unknown}
 j - a scroll of noise {unknown}
Potions
 d - 3 potions of might
 i - a potion of mutation {unknown}


   Skills:
 + Level 4.1 Fighting
 * Level 3.5 Axes
 + Level 4.0 Armour
 + Level 4.1 Shields


You had 2 spell levels left.
You didn't know any spells.
Your spell library contained the following spells:

 Spells                   Type           Power      Damage    Failure   Level
 Sandblast                Erth           0%         2d4       86%         1
 Passwall                 Tmut/Erth      0%         N/A       94%         2
 Stone Arrow              Conj/Erth      0%         3d7       99%         3


Dungeon Overview and Level Annotations

Branches:
Dungeon (2/15)

Altars:

Annotations:
D:2 Robin


Innate Abilities, Weirdness & Mutations

You have a pair of horns on your head.
You reflexively headbutt those who attack you in melee.


Message History

A goblin comes into view. It is wielding a +0 dagger.
You hit the goblin.
You kill the goblin!
Robin throws the goblin at you! The goblin closely misses you.
You furiously retaliate!
You headbutt the goblin!
You kill the goblin!
A goblin comes into view. It is wielding a +0 club.
Robin roars a battlecry!
The goblins go into a battle-frenzy!
You block the goblin's attack.
The goblin shouts!
You hear a shout!
You barely miss the goblin.
Robin's horned helmet rattles.
You block the goblin's attack.
A hobgoblin comes into view.
You barely miss the goblin. You block the goblin's attack.
You barely miss the goblin. You headbutt the goblin.
You kill the goblin!
Robin says, "A pitiful Minotaur like you will never find the ORB!"
A hobgoblin comes into view.
The goblin barely misses you.
You slash the goblin!
You kill the goblin!
A hobgoblin comes into view.
You barely miss Robin.
The hobgoblin shouts!
Robin hits you with a +5 dagger of venom.
You slash Robin! You headbutt Robin, but do no damage.
A goblin comes into view. It is wielding a +0 dagger.
Robin hits you with a +5 dagger of venom.
You are poisoned.
Robin throws the goblin at you!
You hit Robin but do no damage. You closely miss the goblin.
You feel very sick. The goblin hits you but does no damage.
Robin hits you with a +5 dagger of venom.
You are more poisoned.
You barely miss Robin. You barely miss the goblin.
You feel very sick. The goblin hits you with a +0 club.
* * * LOW HITPOINT WARNING * * *
Robin hits you with a +5 dagger of venom.
* * * LOW HITPOINT WARNING * * *
You are more poisoned.
Robin hits you with a +5 dagger of venom.
* * * LOW HITPOINT WARNING * * *
You are more poisoned.
The goblin barely misses you.
You hit the goblin. You hit Robin.
You die...

......)......##.#####.
......................
##########....#....#..
######............
#.........####...#
#.###.....#....#.. #.#
#.###.#.#.###. #g# #.#
#.# #. ## #@# #.# #.#
# #g# #.. #g# #.. #g#
#.. ... #g# ### #g# #
#g# # ..#


You could see Robin, 4 hobgoblins and 2 goblins.

Vanquished Creatures
  2 adders (D:2)
  A dart slug (D:2)
  4 endoplasms (D:1)
  8 goblins
  2 hobgoblins
  2 kobolds
  A quokka (D:1)
  2 bats
  2 frilled lizards
  A rat (D:2)
25 creatures vanquished.

Vanquished Creatures (others)
  3 plants (D:1)
3 creatures vanquished.

Grand Total: 28 creatures vanquished

Notes
Turn   | Place    | Note
-------+----------+-------------------------------------------
     0 | D:1      | DavidChitty2 the Minotaur Fighter began the quest for the
                  | Orb.
     0 | D:1      | Reached XP level 1. HP: 19/19 MP: 0/0
   187 | D:1      | Reached XP level 2. HP: 27/27 MP: 1/1
   718 | D:2      | Reached XP level 3. HP: 33/33 MP: 2/2
   869 | D:2      | Noticed Robin
   880 | D:2      | Succumbed to Robin's poison

Illustrated notes

Levels and vault maps discovered:
D:1:      tarquinn_simple_flora_water_f, layout_basic, serial_bayou_lake_a
D:2:      layout_basic, uniq_robin

Skill      XL: |  1  2  3 |
---------------+----------+-----
Axes           | 3 |  3.5
Fighting       | 4 |  4.1
Armour         | 4 |  4.0
Shields        | 4 |  4.1

Action                     || total
---------------------------++-------
  Melee: War axe           ||    58
         Headbutt          ||     8
 Armour: Scale mail        ||    24
  Dodge: Dodged            ||    21
  Block: Buckler           ||     8
